 Dungeon Crawl Stone Soup version 0.22-a0-271-gc000056a37 (webtiles) character file.

49 RedPan the Insei (level 3, -7/29 HPs)
             Began as a Demonspawn Monk on Mar 10, 2018.
             Mangled by a worm (11 damage)
             ... on level 2 of the Dungeon.
             The game lasted 00:01:54 (1932 turns).

RedPan the Insei (Demonspawn Monk)                  Turns: 1932, Time: 00:01:54

Health: -7/29      AC:  2    Str: 12    XL:     3   Next: 51%
Magic:  3/3        EV: 13    Int: 11    God:
Gold:   83         SH:  7    Dex: 15    Spells: 2/2 levels left

rFire    . . .     SeeInvis .     - Unarmed
rCold    . . .     Gourm    .   g - +0 shield
rNeg     . . .     Faith    .   a - +0 robe
rPois    .         Spirit   .   (helmet restricted)
rElec    .         Reflect  .   (no cloak)
rCorr    .         Harm     .   (no gloves)
MR       .....                  (no boots)
Stlth    ++........             (no amulet)
HPRegen  0.09/turn              o - +3 ring of evasion
MPRegen  0.08/turn              (no ring)

@: no status effects
A: antennae 1
a: no special abilities


You were on level 2 of the Dungeon.
You were not hungry.

You visited 1 branch of the dungeon, and saw 2 of its levels.

You collected 83 gold pieces.

Inventory:

Armour
 a - a +0 robe (worn)
 g - a +0 shield (worn)
Jewellery
 o - a +3 ring of evasion (left hand)
Scrolls
 c - a scroll of teleportation {unknown}
 d - a scroll of blinking {unknown}
 e - a scroll of identify {unknown}
 h - a scroll of fear {unknown}
 i - a scroll of random uselessness {unknown}
 p - a scroll of magic mapping {unknown}
Potions
 f - a potion of might {unknown}
 k - a potion of heal wounds {unknown}
 l - a potion of curing {unknown}
 m - a potion of cancellation {unknown}
 n - a potion of agility {unknown}
Comestibles
 b - 2 rations
 j - 2 chunks of flesh


   Skills:
 + Level 3.3 Fighting
 + Level 3.0 Dodging
 - Level 1.7 Stealth
 + Level 0.6 Shields
 * Level 3.4 Unarmed Combat


You had 2 spell levels left.
You didn't know any spells.

Dungeon Overview and Level Annotations

Branches:
Dungeon (2/15)

Altars:


Innate Abilities, Weirdness & Mutations

You have a pair of small antennae on your head.


Message History

The worm is heavily wounded.
The worm barely misses you.
You hit the worm.
The worm is severely wounded.
You hit the worm but do no damage.
The worm is severely wounded.
The worm closely misses you.
You hit the worm.
The worm is almost dead.
You hit the worm.
The worm is almost dead.
The worm completely misses you.
You hit the worm.
The worm is almost dead.
The worm bites you!
* * * LOW HITPOINT WARNING * * *
You barely miss the worm.
The worm is almost dead.
The worm bites you!
You die...

####'## # ####..# .#
#...#.##.# #...#..#.#
####...##.#.#
..............
#######.......
####################.......
#.......Kw@........'.....>.
#...(.)#############.......
#......# #.......
....(.....# #.......
..........# #.......
....b#..... #.......
.....#.....# #####.## ....
#.....# #.# .... #.....#
#.#


You could see a worm and a kobold.

Vanquished Creatures
  2 oozes (D:1)
  A worm (D:2)
  2 dart slugs (D:1)
  3 leopard geckos (D:1)
  3 bats
  5 goblins
  2 hobgoblins (D:1)
  7 jackals
  A frilled lizard (D:1)
  A rat (D:1)
27 creatures vanquished.

Notes
Turn   | Place    | Note
-------+----------+-------------------------------------------
     0 | D:1      | RedPan the Demonspawn Monk began the quest for the Orb.
     0 | D:1      | Reached XP level 1. HP: 18/18 MP: 1/1
   280 | D:1      | Gained mutation: You have a pair of small antennae on your head. [demonic ancestry]
   280 | D:1      | Reached XP level 2. HP: 12/24 MP: 2/2
  1005 | D:1      | Reached XP level 3. HP: 20/29 MP: 3/3
  1932 | D:2      | Mangled by a worm

Vault maps used:
D:1:      evilmike_arrival_rings

Skill      XL: |  1  2 |
---------------+-------+-----
Unarmed Combat | 3 |  3.4
Dodging        | 3 |  3.0
Fighting       | |  3.3
Stealth        | |  1.7
Shields        | |  0.6

Action                   || total
-------------------------++-------
Melee: Unarmed           ||   137
       Punch             ||     1
 Stab: Sleeping          ||     7
  Eat: Ration            ||     1
Armor: Robe              ||    16
Dodge: Dodged            ||    68
Block: Shield            ||    16

Table legend:
 A = Spawn XP
 B = Non-spawn XP
 C = Spawn XP percentage of total XP
 D = Spawn monster count
 E = Non-spawn monster count
 F = Spawn count percentage of total count
 G = Total turns spent on level
                    A         B        C        D         E        F      G
               +---------+---------+-------+---------+---------+-------+---------
         Total |       0 |      70 |   0.0 |       0 |      27 |   0.0 |  1932
               +---------+---------+-------+---------+---------+-------+---------
           D:1 |       0 |      52 |   0.0 |       0 |      19 |   0.0 |  1572
           D:2 |       0 |      18 |   0.0 |       0 |       8 |   0.0 |   360
               +---------+---------+-------+---------+---------+-------+---------
